 Dungeon Crawl Stone Soup version 0.32-a0-984-gb8cfe57ea9 (webtiles) character file.

Game seed: 5434664425817119340

11464 ongoing the Grappler (level 11, -1/119 HPs)
             Began as a Troll Wanderer on Apr 21, 2024.
             Was an Initiate of Gozag.
             Slain by a hell beast (10 damage)
             ... in a Gauntlet.
             The game lasted 00:17:45 (8407 turns).

ongoing the Grappler (Troll Wanderer)               Turns: 8407, Time: 00:17:46

Health: -1/119     AC: 15    Str: 27    XL:     11   Next: 49%
Magic:  11/11      EV:  5    Int:  8    God:    Gozag
Gold:   2131       SH:  5    Dex:  8    Spells: 12/12 levels left

rFire   . .          .
                       - Unarmed
rCold   . . .        (no shield)
rNeg    . . .        L - +1 shadow dragon scales
rPois   .            (helmet restricted)
rElec   .            p - +0 cloak
rCorr   .            (gloves unavailable)
SInv    .            (boots unavailable)
Will    .....        s - amulet of reflection
Stlth   ++           D - +4 ring of slaying
HPRegen 1.19/turn    N - ring of flight
MPRegen 0.12/turn

%: no teleportation, reflection
@: gold aura, flying, studying Polearms
A: large, unfitting armour, claws 3, regeneration 1, shaggy fur 1, tough skin 1
a: Renounce Religion, Potion Petition, Call Merchant, Bribe Branch


You were in a Gauntlet.
You worshipped Gozag.
Gozag was most pleased with you.
You visited 2 branches of the dungeon, and saw 11 of its levels.
You also visited: Bailey and Gauntlet.

You collected 2218 gold pieces.
You paid 87 gold pieces to Gozag.

Inventory:

Hand Weapons
 a - a +2 hand axe
Missiles
 k - 26 poisoned darts
 n - 11 boomerangs
 y - 3 curare-tipped darts
 z - a throwing net
 O - 2 datura-tipped darts
Armour
 p - a +0 cloak (worn)
 u - a +2 robe of willpower
 E - +0 steam dragon scales
 G - a +0 kite shield
 L - +1 shadow dragon scales (worn)
Jewellery
 h - an amulet of guardian spirit
 s - an amulet of reflection (around neck)
 D - a +4 ring of slaying (left claw)
 N - a ring of flight (right claw)
Wands
 b - a wand of flame (22) (quivered)
 B - a wand of acid (4)
 M - a wand of warping (23)
 P - a wand of polymorph (10)
 U - a wand of paralysis (6)
Scrolls
 c - 2 scrolls of enchant weapon {unknown}
 d - a scroll of brand weapon {unknown}
 e - 2 scrolls of enchant armour {unknown}
 f - 3 scrolls of noise {unknown}
 j - 11 scrolls of identify {unknown}
 q - a scroll of fog {unknown}
 r - a scroll of vulnerability {unknown}
 t - 5 scrolls of teleportation {unknown}
 v - 3 scrolls of revelation {unknown}
 A - a scroll of summoning {unknown}
 I - a scroll of blinking {unknown}
 J - 2 scrolls of silence {unknown}
 K - 2 scrolls of amnesia {unknown}
Potions
 g - 3 potions of heal wounds {unknown}
 i - 3 potions of invisibility {unknown}
 l - a potion of curing
 m - a potion of attraction {unknown}
 o - 3 potions of lignification {unknown}
 w - 2 potions of enlightenment {unknown}
 x - 2 potions of degeneration {unknown}
 C - a potion of ambrosia {unknown}
 F - 5 potions of mutation {unknown}
 H - a potion of brilliance {unknown}
 R - a potion of resistance {unknown}
 S - a potion of cancellation {unknown}
 T - a potion of might {unknown}
Miscellaneous
 Q - a phial of floods


   Skills:
 + Level 10.6 Fighting
 - Level 1.5 Axes
 - Level 1.0 Dodging
 - Level 11.0 Unarmed Combat
 - Level 1.2 Spellcasting
 - Level 1.3 Alchemy
 - Level 1.0 Evocations
 - Level 7.4 Shapeshifting


You had 12 spell levels left.
You didn't know any spells.
Your spell library contained the following spells:

 Spells                   Type           Power      Damage    Failure   Level
 Freeze                   Ice            0%         1d3       95%         1
 Mercury Vapours          Alch/Air       2%         N/A       97%         2
 Cigotuvi's Dreadful Rot  Necr/Alch/Air  2%         N/A       98%         2
 Frozen Ramparts          Ice            0%         1d1       100%        3
 Fugue of the Fallen      Necr           0%         N/A       100%        3
 Hailstorm                Conj/Ice       0%         3d5       100%        3
 Ozocubu's Armour         Ice            0%         N/A       100%        3
 Metabolic Englaciation   Hex/Ice        0%         N/A       100%        5
 Manifold Assault         Tloc           0%         N/A       100%        7


Dungeon Overview and Level Annotations

Branches:
Dungeon (9/15) Zot: 26735  Temple (0/1) D:5            Lair (2/5) D:8 Zot: 11044
    Orc (0/2) D:9          Bailey (visited)         Gauntlet (1/1) Zot: 5560
  Swamp: Lair:2-3    Shoals: Lair:2-3     Snake: Lair:2-3    Spider: Lair:2-3

Altars:
Ashenzari
Dithmenos
Gozag
Kikubaaqudgha
Makhleb
Okawaru
Uskayaw
Wu Jian
Zin
The Shining One

Shops:
D:4 [

Annotations:
D:9 Erolcha Gauntlet 13 transporters


Innate Abilities, Weirdness & Mutations

You are too large for most types of armour.
You have claws for hands.
Your natural rate of healing is unusually fast.
You are covered in fur. (AC +1)
You have tough skin. (AC +1)


Message History

The hell hound is distracted by your dazzling golden aura.
The laughing skull is distracted by your dazzling golden aura.
You see here 6 gold pieces.
Aiming: Corrosive Bolt
Press: ? - help, Shift-Dir - straight line, f - hell hound
Aim: a hell hound (unaware, hasn't noticed you, 60% to hit)
The bolt of acid misses the hell beast.
The bolt of acid hits the hell hound!
The acid corrodes the hell hound!
The hell hound is heavily wounded.
The hell hound is no longer distracted by gold.
The hell hound barks!
The laughing skull gives a hideous shriek!
The laughing skull is no longer distracted by gold.
The hell beast moans, "Go and return not whilst thou can!"
The hell beast bites you!
* * * LOW HITPOINT WARNING * * *
You block the hell beast's attack.
The hell beast bites you but does no damage.
The hell beast tramples you.
* * * LOW HITPOINT WARNING * * *
You are shoved backwards!
It was a potion of curing.
You feel better.
The hell beast bites you but does no damage.
You block the hell beast's attack.
You feel better.
The hell beast roars, "Submit, thou ducking spur-galled boar-pig!"
The hell beast bites you.
* * * LOW HITPOINT WARNING * * *
The hell beast tramples you but does no damage.
The hell hound bites you but does no damage.
The laughing skull is distracted by your dazzling golden aura.
You block the hell beast's attack. The hell beast tramples you!
* * * LOW HITPOINT WARNING * * *
You hold your ground!
You feel better. The hell hound completely misses you.
The hell beast skitters, "Accept thy fall, thou mewling swag-bellied puttock!"
The hell beast bites you but does no damage.
The hell beast tramples you!
You die...
Your body crumbles into a pile of gold.

..#..#.#.#..#..# .##.#.#..#..P#..
...#.#.#.#...#..#.[#.#.#...P..P..
©...##.#.#.zzz#zz#?#.#.#ZZZ......
########.###########.############
©........#≈§§≈ß≈≈≈≈#........©#...
########.###########.#########...
.......#.#.........#.#..........#
.......#.#.#.##h##.#.#..........#
#####..#.#.#...2@#[#.#..#########
# #ß#..#.#.##.##.#"#.#..#ß# #ß# #
###..#§#..#.©#..©#©#..### ###
#..###..##.##.|###..#
#....#...#..#..#....#
#....#.#.##.##.#....#
###..#.........#..###
#ß#..###########..#ß#
###...............###


You could see a hell beast, a weeping skull, a hell hound (corroded) and 3
laughing skulls.

Vanquished Creatures
  A two-headed ogre (D:8)
  A catoblepas (Gauntlet)
  A black mamba (Lair:2)
  Joseph (D:9)
  2 gargoyles
  Maggie (D:5)
  A troll (D:8)
  Prince Ribbit (D:7)
  Sigmund (D:2)
  10 yaks
  A vampire (Bailey)
  A wyvern (D:8)
  3 steam dragons
  A basilisk (Lair:1)
  Menkaure (D:4)
  3 water moccasins
  Duvessa (D:5)
  A hell hound (Gauntlet)
  5 sky beasts
  An ice beast (D:7)
  3 orc warriors
  2 black bears
  2 ogres (D:5)
  8 wolves
  3 centaurs
  Blork the orc (D:5)
  4 kobold brigands
  7 bullfrogs
  3 gnoll sergeants
  A scorpion (D:5)
  3 wights (D:6)
  Dowan (D:5)
  6 vampire bats (Bailey)
  A howler monkey (D:6)
  6 electric eels
  3 wolf zombies (Bailey)
  A bombardier beetle (D:6)
  3 jellies
  4 orc priests
  Crazy Yiuf (D:2)
  14 hounds
  Jessica (D:2)
  2 iguanas (D:5)
  Ijyb (D:5)
  2 sleepcaps
  7 orc wizards
  16 gnolls
  9 adders
  A shadow imp (D:7)
  A white imp (D:6)
  2 ufetubi (D:6)
  4 dart slugs
  4 ribbon worms
  36 orcs
  6 endoplasms
  2 giant cockroaches
  4 goblins
  3 hobgoblins
  2 quokkas
  9 ball pythons
  2 bats (D:1)
  3 frilled lizards
  21 kobolds
  15 orc zombies (Bailey)
  2 rats
270 creatures vanquished.

Vanquished Creatures (others)
  A gnoll (D:8)
  An adder (D:5)
2 creatures vanquished.

Grand Total: 272 creatures vanquished

Notes
Turn   | Place    | Note
-------+----------+-------------------------------------------
     0 | D:1      | ongoing the Troll Wanderer began the quest for the Orb.
     0 | D:1      | ongoing set off with the following items: a +2 hand axe, a
                  | wand of flame (4), a scroll of fear, a +0 robe; and the
                  | following spells available to memorise: Mercury Vapours,
                  | Cigotuvi's Dreadful Rot.
     0 | D:1      | Reached XP level 1. HP: 19/19 MP: 1/1
    36 | D:1      | Reached skill level 1 in Unarmed Combat
   179 | D:1      | Reached XP level 2. HP: 26/27 MP: 2/2
   354 | D:1      | Reached skill level 2 in Unarmed Combat
   756 | D:2      | Noticed Jessica
   763 | D:2      | Killed Jessica
   764 | D:2      | Reached skill level 3 in Unarmed Combat
   764 | D:2      | Reached XP level 3. HP: 23/33 MP: 3/3
   930 | D:2      | Found a runed translucent door.
   931 | D:2      | Noticed Crazy Yiuf
  1007 | D:2      | Reached XP level 4. HP: 41/41 MP: 4/4
  1030 | D:2      | Noticed Sigmund
  1056 | D:2      | Killed Sigmund
  1057 | D:2      | Reached skill level 5 in Unarmed Combat
  1057 | D:2      | Reached XP level 5. HP: 34/50 MP: 1/5
  1394 | D:2      | Killed Crazy Yiuf
  1507 | D:3      | Reached XP level 6. HP: 53/61 MP: 4/6
  2151 | D:4      | Reached skill level 6 in Unarmed Combat
  2491 | D:4      | Found an opulent altar of Gozag.
  2501 | D:4      | Found an iron altar of Okawaru.
  2502 | D:4      | Found an ornate altar of the Wu Jian Council.
  2504 | D:4      | Found a glowing golden altar of the Shining One.
  2504 | D:4      | Found an ancient bone altar of Kikubaaqudgha.
  2505 | D:4      | Found a broken altar of Ashenzari.
  2512 | D:4      | Became a worshipper of Gozag Ym Sagoz the Greedy
  2523 | D:4      | Found a shadowy altar of Dithmenos.
  2641 | D:4      | Found Gexza's Armour Emporium.
  2795 | D:4      | Found the +7 Throatcutter {drain, coup de grace}
  2811 | D:4      | Reached XP level 7. HP: 62/67 MP: 7/7
  2815 | D:4      | Reached skill level 7 in Unarmed Combat
  3098 | D:5      | Entered Level 5 of the Dungeon
  3221 | D:5      | Reached skill level 8 in Unarmed Combat
  3259 | D:5      | Reached skill level 1 in Shapeshifting
  3261 | D:5      | Noticed Menkaure
  3341 | D:4      | Killed Menkaure
  3342 | D:4      | Reached XP level 8. HP: 27/75 MP: 8/8
  3405 | D:5      | Found a staircase to the Ecumenical Temple.
  3650 | D:5      | Reached skill level 5 in Shapeshifting
  3813 | D:5      | Noticed Ijyb
  3814 | D:5      | Noticed Blork the orc
  3839 | D:5      | Killed Ijyb
  3843 | D:5      | Killed Blork the orc
  3937 | D:5      | Found a burning altar of Makhleb.
  3939 | D:5      | Noticed Duvessa
  3939 | D:5      | Noticed Dowan
  3951 | D:5      | Killed Duvessa
  3953 | D:5      | Killed Dowan
  3960 | D:5      | Found a glowing silver altar of Zin.
  3961 | D:5      | Noticed an angel
  3963 | D:5      | Noticed a balrug
  4039 | D:6      | Noticed Maggie
  4045 | D:5      | Reached XP level 9. HP: 79/81 MP: 9/9
  4146 | D:5      | Killed Maggie
  4319 | D:6      | Reached skill level 9 in Unarmed Combat
  4600 | D:6      | Reached skill level 10 in Unarmed Combat
  4852 | D:7      | Found a flagged portal.
  4870 | Bailey   | Entered a bailey
  4922 | Bailey   | Identified the staff of Efoviy {rF+ Dex+2 Fire}
  4945 | Bailey   | Noticed a gargoyle
  4950 | Bailey   | Killed a gargoyle
  4951 | Bailey   | Reached skill level 11 in Unarmed Combat
  5004 | Bailey   | Reached XP level 10. HP: 35/92 MP: 10/10
  5056 | Bailey   | Identified the staff "Duocooth" {rPois rN+ Int-5 Summ Necro
                  | Alchemy}
  5321 | D:7      | Noticed Prince Ribbit
  5325 | D:7      | Killed Prince Ribbit
  5326 | D:7      | Reached skill level 5 in Fighting
  6086 | D:8      | Found a staircase to the Lair.
  6245 | D:8      | Noticed a two-headed ogre
  6252 | D:8      | Killed a two-headed ogre
  6730 | D:9      | Noticed Joseph
  6738 | D:9      | Reached XP level 11. HP: 59/113 MP: 11/11
  6799 | D:9      | Killed Joseph
  6881 | D:9      | Found a staircase to the Orcish Mines.
  6925 | D:9      | Noticed Erolcha
  6994 | Lair:1   | Entered Level 1 of the Lair of Beasts
  7111 | Lair:1   | Identified the +1 mace "Xahuw" {freeze, *Noise Fly rElec
                  | rCorr Int+4}
  7232 | Lair:1   | Identified the scarf of Wianuam {shadows, Int+3}
  7815 | Lair:2   | Reached skill level 10 in Fighting
  7892 | Lair:2   | Found a hide-covered altar of Uskayaw.
  7955 | Lair:2   | Found a gate leading to a gauntlet.
  7964 | Gauntlet | Entered a Gauntlet
  7964 | Gauntlet | Found a transporter.
  7964 | Gauntlet | Found a transporter.
  7967 | Gauntlet | Noticed a catoblepas
  7969 | Gauntlet | Found a transporter.
  7984 | Gauntlet | Found a transporter.
  7998 | Gauntlet | Found a transporter.
  8005 | Gauntlet | Noticed a hell beast
  8011 | Gauntlet | Found a transporter.
  8027 | Gauntlet | Found a transporter.
  8027 | Gauntlet | Found the amulet of the Four Winds {rN+ Will+++ Clar}
  8093 | Gauntlet | Found a transporter.
  8108 | Gauntlet | Found a transporter.
  8124 | Gauntlet | Found a transporter.
  8124 | Gauntlet | Noticed a hell beast
  8137 | Gauntlet | Found a transporter.
  8153 | Gauntlet | Found a transporter.
  8220 | Gauntlet | Found a transporter.
  8230 | Gauntlet | Found a transporter.
  8249 | Gauntlet | Noticed a ghost crab
  8264 | Gauntlet | Found a transporter.
  8274 | Gauntlet | Found a transporter.
  8314 | Gauntlet | Killed a catoblepas
  8404 | Gauntlet | HP: 2/119 [hell beast (4)]
  8407 | Gauntlet | Slain by a hell beast

Illustrated notes

Levels and vault maps discovered:
D:1:      dpeg_arrival_ternary, layout_basic,
          wander_ebering_terrifying_dragon_lair
D:2:      layout_loops_cross, nicolae_wormholes, uniq_sigmund, uniq_jessica,
          uniq_crazy_yiuf_cottage
D:3:      layout_loops_cross
D:4:      layout_basic, nicolae_overflow_hallway_of_the_gods, serial_shops,
          nicolae_shop_stone, hangedman_decor_peaks_small,
          hangedman_abyss_or_decor_lesser_grid, grunt_ministairs_11,
          dilly_guarded_unrand_throatcut
D:5:      minmay_spotlight, layout_rooms,
          grunt_temple_overflow_order_and_chaos_2,
          minmay_temple_entry_large_hall, uniq_menkaure, uniq_blork_the_orc,
          uniq_ijyb, uniq_duvessa
D:6:      layout_rooms, uniq_maggie
D:7:      layout_rooms, enter_bailey_1, minivault_14, uniq_prince_ribbit1
D:8:      layout_loops_ring, erik_lair_island
D:9:      layout_cave_pools, orc_0_dummy, minivault_16, uniq_joseph,
          uniq_erolcha
Lair:1:   layout_gridlike, nicolae_quartered_pool_impasse
Lair:2:   layout_hall_layers, dummy_spider_entry, gauntlet_entry_generic,
          basic_altar, serial_bayou_shore_a, lemuel_fruit_fields
Gauntlet: gammafunk_gauntlet_branching [gammafunk_gauntlet_arena_open,
          nicolae_gauntlet_arena_x, gammafunk_gauntlet_arena_crates,
          gammafunk_gauntlet_arena_corners,
          gammafunk_gauntlet_arena_arrow_garden, nicolae_gauntlet_arena_grate_2,
          gammafunk_gauntlet_arena_spirals, gammafunk_gauntlet_arena_hedges,
          gauntlet_exit_hidden_loot]

Skill      XL: |  1  2  3  4  5  6  7  8  9 10 11 |
---------------+----------------------------------+-----
Unarmed Combat | 1 3 5 6 8 11 | 11.0
Fighting       | 2 3 8 10 | 10.6
Shapeshifting  | 3 7 |  7.4
Axes           | |  1.5
Dodging        | |  1.0
Spellcasting   | |  1.2
Alchemy        | |  1.3
Evocations     | |  1.0

Action                     |  1- 3 |  4- 6 |  7- 9 | 10-12 || total
---------------------------+-------+-------+-------+-------++-------
  Melee: Unarmed           |    62 |   137 |   287 |   298 ||   784
         Punch             |     1 |     1 |    10 |     9 ||    21
  Evoke: Wand              |       |       |     1 |    12 ||    13
    Use: Scroll            |       |       |     1 |       ||     1
         Potion            |       |       |       |     3 ||     3
   Stab: Sleeping          |     1 |       |       |     1 ||     2
         Distracted        |       |       |     1 |       ||     1
 Armour: Robe              |    40 |    75 |   204 |    42 ||   361
         Steam dragon scal |       |       |    12 |       ||    12
         Skin              |       |       |     3 |       ||     3
         Shadow dragon sca |       |       |       |   296 ||   296
  Dodge: Dodged            |    21 |    41 |   111 |    78 ||   251
  Block: Other             |       |    17 |    63 |    62 ||   142
         Reflection        |       |     1 |     1 |     3 ||     5

Table legend: (Time is in decaauts)
 A = Elapsed time spent in this place.
 B = Non-inter-level travel time spent in this place.
 C = Inter-level travel time spent in this place.
 D = Time resting spent in this place.
 E = Time spent auto-exploring this place.
 F = Levels seen in this place.
 G = Mean time per level.
                   A        B        C        D        E       F      G
               +--------+--------+--------+--------+--------+-----+--------+
         Total |   8297 |   8056 |    241 |    627 |   4843 |  13 |  638.2 |
       Dungeon |   6473 |   6271 |    202 |    541 |   3801 |   9 |  719.2 |
          Lair |    955 |    916 |     39 |      0 |    607 |   2 |  477.5 |
        Bailey |    430 |    430 |      0 |     54 |    136 |   1 |  430.0 |
      Gauntlet |    438 |    438 |      0 |     32 |    299 |   1 |  438.0 |
               +--------+--------+--------+--------+--------+-----+--------+

Top non-repeatable levels by time:
     D:4: 1167 daAuts
     D:8: 953 daAuts
     D:5: 869 daAuts
     D:2: 842 daAuts
  Lair:1: 766 daAuts
     D:3: 671 daAuts
     D:7: 635 daAuts
     D:1: 600 daAuts
     D:6: 565 daAuts
Gauntlet: 438 daAuts
  Bailey: 430 daAuts
  Lair:2: 189 daAuts
     D:9: 168 daAuts
